Cogmind - Beta 13 @@@ ROGUE MODE // 2024.04.05 @ 22:59:18 Player: TheDoorMatt Result: Destroyed by G-47 Trooper with Particle Gun Performance ------------- Evolutions (2) 1000 Regions Visited (4) 800 Robots Destroyed (45) 225 Value Destroyed (1189) 1189 Prototype IDs (0) 0 Alien Tech Used (0) 0 Bonus (22) 22 TOTAL SCORE: 3236 Bonus ------- High Alert Combat Kills 22 Cogmind --------- Core Integrity 0/550 Matter 325/350 Energy 140/140 System Corruption 0% Temperature Cool (9) Movement Treading (155) Location -8/Materials Parts ------- > --- POWER (1) -------- Light Deuterium Engine > --- PROPULSION (4) --- Light Treads Light Treads Advanced Treads > --- UTILITY (3) ------ Medium Storage Unit Small Matter Pod Improved Weapon Shielding > --- WEAPON (3) ------- Scythe > --- INVENTORY (10) --- Improved Ion Engine Light Nuclear Core Light Treads Light Treads VSS Leg Wheel Advanced Weight Redist. System Improved Datajack Peak State ------------ > --- POWER ------------ Light Deuterium Engine > --- PROPULSION ------- Carbon-fiber Leg Carbon-fiber Leg Carbon-fiber Leg Carbon-fiber Leg > --- UTILITY ---------- Improved Heat Sink Medium Storage Unit ECM Suite > --- WEAPON ----------- Medium Laser Gauss Rifle > --- INVENTORY -------- Light Deuterium Engine Carbon-fiber Leg Wheel Wheel Improved Hover Unit Improved Hover Unit Small Matter Pod Advanced Weight Redist. System Mini Grenade Launcher Improved Datajack [Rating: 27] Favorites ----------- Power Light Ion Engine Engine Light Ion Engine Power Core Light Nuclear Core Propulsion Compact Wheel Treads Light Treads Leg Carbon-fiber Leg Wheel Compact Wheel Hover Unit Improved Hover Unit Flight Unit Flight Unit Utility Cooling System Device Cooling System Storage Medium Storage Unit Protection Medium Armor Plating Weapon EM Pulse Gun Energy Gun EM Pulse Gun Ballistic Gun Light Assault Rifle Launcher Mini Grenade Launcher Slashing Weapon Scythe Build | -11 -10 -10 -9 -8 ------- Run | Yrd Mat Min Mat Mat Slots Evolved 4 | . . . 2 2 Power . | . . . . . Propulsion 2 | . . . 1 1 Utility 1 | . . . 1 . Weapon 1 | . . . . 1 Parts Attached 65 | 6 10 6 8 35 Power 11 | 2 . 3 1 5 Engine 10 | 2 . 3 1 4 Core 1 | . . . . 1 Reactor . | . . . . . Propulsion 33 | 2 6 1 3 21 Treads 6 | . . . . 6 Leg 11 | 2 . . . 9 Wheel 11 | . 4 1 3 3 Hover 4 | . 2 . . 2 Flight 1 | . . . . 1 Utility 9 | 1 2 . 2 4 Device 3 | . 1 . . 2 Storage 4 | 1 1 . 1 1 Processor . | . . . . . Hackware . | . . . . . Protection 2 | . . . 1 1 Artifact . | . . . . . Weapon 12 | 1 2 2 2 5 Energy Gun 4 | . 2 1 . 1 Energy Cannon . | . . . . . Ballistic Gun 6 | 1 . 1 2 2 Ballistic Cannon . | . . . . . Launcher 1 | . . . . 1 Special Weapon . | . . . . . Impact Weapon . | . . . . . Slashing Weapon 1 | . . . . 1 Piercing Weapon . | . . . . . Special Melee Weapon . | . . . . . Unidentified Prototypes . | . . . . . Parts Lost 25 | . . 3 . 22 Power 5 | . . 1 . 4 Propulsion 12 | . . 1 . 11 Utility 2 | . . . . 2 Weapon 6 | . . 1 . 5 Highest Loss Streak 7 | . . 2 . 7 To Critical Strikes 1 | . . . . 1 Average Slot Usage (%) 89 | . 89 99 100 74 Engine 10 | . 14 13 11 5 Treads 1 | . . . . 4 Leg 6 | . 8 . . 16 Wheel 18 | . 18 28 33 3 Hover 2 | . . . . 7 Device 11 | . 9 14 11 9 Storage 12 | . 14 14 11 9 Protection 2 | . . . 10 2 Energy Gun 15 | . 18 25 11 5 Ballistic Gun 4 | . 4 2 11 5 Naked Turns . | . . . . . Heaviest Build 30 | 10 29 29 30 25 Greatest Support 82 | 20 32 32 36 82 Greatest Overweight (x) 3 | 3 . 1 . 2 Average Overweight (x) . | . . . . . Largest Inventory Capacity 15 | 8 15 15 15 10 Average Capacity 11 | 7 10 15 10 10 Most Carried 14 | 8 10 14 11 10 Average Carried 9 | 5 7 12 9 9 Final Capacity 15 | 8 15 15 10 10 Final Carried 12 | 8 8 12 9 8 Class Distribution -------------------- 78% | Mutant 18% | Scavenger-Mutant 3% | Gunner Dominant Class ---------------- Mutant | -10/Materials Mutant | -10/Mines Scavenger-Mutant | -9/Materials Mutant | -8/Materials Resources | -11 -10 -10 -9 -8 ----------- Run | Yrd Mat Min Mat Mat Matter Collected 1258 | 346 89 116 86 621 Remotely . | . . . . . Salvage Created 1407 | 105 48 309 142 803 Parts 89 | 3 1 21 11 53 Haulers Intercepted 2 | . 1 . . 1 Recyclers Shooed 2 | . . . 1 1 Parts Field Recycled . | . . . . . Retrieved Matter . | . . . . . Parts Self-Destructed . | . . . . . Prevented . | . . . . . Kills | -11 -10 -10 -9 -8 ------- Run | Yrd Mat Min Mat Mat Combat Hostiles Destroyed 30 | . . 5 4 21 Melee 2 | . . . . 2 Guns 21 | . . 5 4 12 AOE 7 | . . . . 7 Classes Destroyed 8 | 2 1 2 1 2 Worker 7 | 1 . 3 . 3 Builder 3 | . . . . 3 Hauler 2 | . 1 . . 1 Recycler 3 | 1 . 1 1 . Swarmer 10 | . . 3 3 4 Grunt 11 | . . 2 . 9 Sentry 7 | . . . 1 6 Hunter 2 | . . . . 2 Best Kill Streak 11 | 1 1 3 3 11 Combat Bots Only 7 | . . 3 3 7 Max Kills in Single Turn 3 | 1 1 1 1 3 Gunslinging . | . . . . . Exploded 2 | . . . . 2 Melee 1 | . . . . 1 Uniques/NPCs Destroyed . | . . . . . Combat | -11 -10 -10 -9 -8 -------- Run | Yrd Mat Min Mat Mat Hostile Shots Fired 290 | . . 38 26 226 Missed 76 | . . 8 6 62 Damage Taken 3246 | . . 304 212 2730 Core 633 | . . 65 14 554 Absorbed by Shields . | . . . . . Redirected to Shielding 55 | . . . . 55 Core Remaining (%) 90 | 100 . 74 96 . Volleys Fired 123 | 15 1 22 14 71 Largest 3 | 1 2 2 2 3 Hottest 108 | 20 80 85 85 108 Shots Fired 202 | 15 2 39 28 118 Gun 181 | 15 2 39 28 97 Cannon . | . . . . . Launcher 21 | . . . . 21 Special . | . . . . . Kinetic 90 | 15 . 7 14 54 Thermal 59 | . . 2 14 43 Explosive 21 | . . . . 21 Electromagnetic 32 | . 2 30 . . Robot Hit Streak 12 | 2 2 12 9 9 Robot Miss Streak 6 | 2 . 3 2 6 Penetration Max . | . . . . . Secondary Targets 5 | . . . 2 3 Max Gunslinging Chain 1 | . . . 1 1 Shots Hit Robots 124 | 7 1 26 19 71 Core Hits 80 | 3 1 13 8 55 Critical Kills . | . . . . . Critical Parts Destroyed 1 | . . . . 1 Critical Strikes 3 | . . . . 3 Burn 1 | . . . . 1 Destroy 1 | . . . . 1 Sever 1 | . . . . 1 Melee Attacks 5 | . . . . 5 Impact . | . . . . . Slashing 5 | . . . . 5 Piercing . | . . . . . Sneak Attacks . | . . . . . Combat Hostiles . | . . . . . Follow-up Attacks . | . . . . . Damage Inflicted 2860 | 101 15 333 213 2198 Guns 1666 | 101 15 333 213 1004 Cannons . | . . . . . Explosions 1098 | . . . . 1098 Melee 92 | . . . . 92 Ramming 4 | . . . . 4 Kinetic 850 | 101 . 50 63 636 Thermal 553 | . . 35 150 368 Explosive 1098 | . . . . 1098 Electromagnetic 263 | . 15 248 . . Impact . | . . . . . Slashing 92 | . . . . 92 Piercing . | . . . . . Highest Corruption . | . . . . . Average Corruption . | . . . . . Corruption Purged . | . . . . . Corruption Blocked . | . . . . . Overload Shots . | . . . . . Overflow Damage 5 | . . . . 5 Projectiles . | . . . . . Explosions 5 | . . . . 5 Melee . | . . . . . Knockbacks . | . . . . . Impact . | . . . . . Kinetic . | . . . . . Secondary . | . . . . . Self-Inflicted Damage 304 | . . . . 304 Shots 10 | . . . . 10 Rammed . | . . . . . Targets Rammed 2 | . . . . 2 Kicked 2 | . . . . 2 Crushed . | . . . . . Highest Temperature 63 | . . . 9 63 Average Temperature 15 | . . . 9 16 Received Heat Transfer 1122 | . . 123 36 963 Siege Activations . | . . . . . Robots Corrupted . | . . . . . Combat Hostiles . | . . . . . Parts Fried . | . . . . . Impact Corruptions . | . . . . . Robots Melted . | . . . . . Combat Hostiles . | . . . . . Parts Melted . | . . . . . Heat Transferred 1517 | . . 74 370 1073 Parts Sabotaged . | . . . . . Parts Stolen . | . . . . . Parts Stripped . | . . . . . Power Chain Reactions . | . . . . . Alert | -11 -10 -10 -9 -8 ------- Run | Yrd Mat Min Mat Mat Peak Influence 558 | 10 61 123 169 558 Initial 70 | . 6 23 27 70 Average 131 | 4 37 80 105 268 Maximum Alert Level 2 | . . . . 2 Low Security (%) 76 | 100 100 100 100 26 Level 1 19 | . . . . 59 Level 2 4 | . . . . 14 Level 3 . | . . . . . Level 4 . | . . . . . Level 5 . | . . . . . High Security . | . . . . . Max Security . | . . . . . Squads Dispatched 7 | . . . . 7 Investigation 1 | . . . . 1 Extermination . | . . . . . Reinforcement 2 | . . . . 2 Assault 1 | . . . . 1 Garrison 3 | . . . . 3 Intercept . | . . . . . Searches Triggered . | . . . . . Construction Impeded 1 | . . . . 1 Haulers Reinforced . | . . . . . Active Scanning Responses . | . . . . . Cargo Convoy Interrupts . | . . . . . Stealth | -11 -10 -10 -9 -8 --------- Run | Yrd Mat Min Mat Mat Distress Signals 3 | . . . . 3 Communications Jammed . | . . . . . Distress Signals . | . . . . . Times Spotted 53 | . 3 11 6 33 Peak Tracking Total 8 | . 2 3 3 8 Tactical Retreats 3 | . . 3 . . Traps | -11 -10 -10 -9 -8 ------- Run | Yrd Mat Min Mat Mat Traps Triggered . | . . . . . Indirectly . | . . . . . Trap Hack Attempts . | . . . . . Triggered . | . . . . . Disarmed . | . . . . . Reprogrammed . | . . . . . Reused . | . . . . . Traps Extracted . | . . . . . Installed . | . . . . . Triggered . | . . . . . Machines | -11 -10 -10 -9 -8 ---------- Run | Yrd Mat Min Mat Mat Machines Disabled 2 | . 1 . . 1 Max in Single Turn 1 | . 1 . . 1 Garrison Access 1 | . . . . 1 Machines Repaired . | . . . . . Machines Dismantled . | . . . . . Machines Sabotaged . | . . . . . Overloaded Fab Kills . | . . . . . Hacking | -11 -10 -10 -9 -8 --------- Run | Yrd Mat Min Mat Mat Machines Accessed 5 | . 2 . 1 2 Terminals 4 | . 2 . 1 1 Fabricators . | . . . . . Repair Stations . | . . . . . Recycling Units . | . . . . . Scanalyzers . | . . . . . Garrison Access 1 | . . . . 1 Total Hacks 8 | . 3 . 1 4 Successful 5 | . 3 . 1 1 Failed 3 | . . . . 3 Catastrophic 1 | . . . . 1 Database Lockouts . | . . . . . Manual . | . . . . . Terminals 6 | . 3 . 1 2 Fabricators . | . . . . . Repair Stations . | . . . . . Recycling Units . | . . . . . Scanalyzers . | . . . . . Garrison Access 2 | . . . . 2 Terminal Hacks 5 | . 3 . 1 1 Branch Access Points 1 | . . . 1 . Locate Traps 1 | . . . . 1 Maintenance Status 2 | . 2 . . . Zone Layout 1 | . 1 . . . Fabricator Hacks . | . . . . . Repair Station Hacks . | . . . . . Recycling Unit Hacks . | . . . . . Scanalyzer . | . . . . . Garrison Access Hacks . | . . . . . Unauthorized Hacks . | . . . . . Terminals . | . . . . . Fabricators . | . . . . . Repair Stations . | . . . . . Recycling Units . | . . . . . Scanalyzers . | . . . . . Garrison Access . | . . . . . Data Cores Recovered . | . . . . . Used . | . . . . . Hacking Detections 4 | . 1 . 1 2 Full Trace Events 1 | . . . . 1 Feedback Events . | . . . . . Feedback Blocked . | . . . . . Robot Schematics Acquired . | . . . . . Robots Built . | . . . . . Authchips . | . . . . . Time . | . . . . . Total Robot Build Rating . | . . . . . Part Schematics Acquired . | . . . . . Parts Built . | . . . . . Authchips . | . . . . . Time . | . . . . . Total Part Build Rating . | . . . . . Parts Repaired . | . . . . . Time . | . . . . . Parts Recycled . | . . . . . Recycled Matter . | . . . . . Retrieved Matter . | . . . . . Retrieved Components . | . . . . . Parts Scanalyzed . | . . . . . Part Schematics Acquired . | . . . . . Parts Damaged . | . . . . . Bothacking | -11 -10 -10 -9 -8 ------------ Run | Yrd Mat Min Mat Mat Used RIF Installer . | . . . . . Robots Hacked . | . . . . . Non-combat . | . . . . . Combat . | . . . . . Robot Hacks Applied . | . . . . . Relay Couplers Released . | . . . . . Fabnet Peak Effective % . | . . . . . Robots Rewired . | . . . . . Allies Hacked . | . . . . . Hacks Repelled . | . . . . . Allies | -11 -10 -10 -9 -8 -------- Run | Yrd Mat Min Mat Mat Total Allies . | . . . . . Largest Group . | . . . . . Highest-Rated Group . | . . . . . Highest-Rated Ally . | . . . . . Total Orders . | . . . . . Ally Attacks . | . . . . . Total Damage . | . . . . . Kills . | . . . . . Allies Corrupted . | . . . . . Allies Melted . | . . . . . Intel | -11 -10 -10 -9 -8 ------- Run | Yrd Mat Min Mat Mat Robot Analysis Total . | . . . . . Derelict Logs Recovered . | . . . . . Drone Launches . | . . . . . Drone Recoveries . | . . . . . Exploration | -11 -10 -10 -9 -8 ------------- Run | Yrd Mat Min Mat Mat Turns Passed 1860 | 170 203 659 235 593 Spaces Moved 1091 | 105 159 373 214 240 Core 14 | 14 . . . . Treads 34 | . . . . 34 Legs 274 | 91 55 . . 128 Wheels 767 | . 104 373 214 76 Hover 2 | . . . . 2 Flight . | . . . . . Fastest Speed 50 | 50 100 90 80 95 Average Speed 103 | 114 106 101 81 121 Slowest Speed 200 | 200 120 115 86 190 Overloaded Moves . | . . . . . Propulsion Burnouts . | . . . . . Robots Hopped . | . . . . . Cave-ins Triggered . | . . . . . Exploration Rate (%) 24 | 5 38 30 24 26 Regions Visited 4 Branch Regions 1 Pre-discovered Areas . | . . . . . Known Exits Taken . | . . . . . Unknown Exits Taken 4 | 1 1 1 1 . Scrap Searched 1 | . . 1 . . Spaces Dug 6 | . . . . 6 Terrain Destroyed 96 | . . . . 96 Melee . | . . . . . Projectile . | . . . . . AOE 96 | . . . . 96 Terrain Rammed . | . . . . . Walls Destroyed . | . . . . . Machines Disabled . | . . . . . Actions | -11 -10 -10 -9 -8 --------- Run | Yrd Mat Min Mat Mat Total 1613 | 137 191 616 251 418 Wait 238 | . 3 207 . 28 Move 1087 | 104 158 372 213 240 Hop . | . . . . . Pick Up 49 | 10 8 7 6 18 Fast Attach 30 | 5 2 2 4 17 Attach 20 | . 2 3 1 14 Detach 6 | . 2 . . 4 Swap 15 | 1 6 1 3 4 Drop 38 | 2 9 2 10 15 Fire 123 | 15 1 22 14 71 Melee 5 | . . . . 5 Ram . | . . . . . Kick 2 | . . . . 2 Crush . | . . . . . Escape Stasis . | . . . . . Rewire . | . . . . . Trap . | . . . . . Miscellaneous . | . . . . . Route ------- -11/Scrapyard -10/Materials -10/Mines -9/Materials (discovered 2 exits: *Mat / Min) -8/Materials History --------- Turn | Location | Event 31 | -11/Scrapyard | Discovered new exit (range 14) 171 | -11/Scrapyard | Entered Materials 344 | -10/Materials | Build established: Mutant 366 | -10/Materials | Discovered new exit (range 9) 374 | -10/Materials | Entered Mines 381 | -10/Mines | Met a Derelict bent on vengeance 431 | -10/Mines | Discovered new exit (range 10) 1033 | -10/Mines | Entered Materials 1033 | -9/Materials | Evolved 2 slots: Propulsion x1, Utility x1 1225 | -9/Materials | Build established: Scavenger-Mutant 1250 | -9/Materials | Identified exit to Mines 1261 | -9/Materials | Discovered new exit (range 10) 1268 | -9/Materials | Entered another Materials area 1268 | -8/Materials | Evolved 2 slots: Propulsion x1, Weapon x1 1573 | -8/Materials | Build established: Mutant 1612 | -8/Materials | Garrison activated, responded to threat 1640 | -8/Materials | Core integrity fell below 50% 1647 | -8/Materials | Lost 7 parts (1p4n2u) 1652 | -8/Materials | Destroyed 7 combat bots 1720 | -8/Materials | Lost 4 parts (1p1n2w) 1778 | -8/Materials | Core integrity fell below 20% 1819 | -8/Materials | Lost 5 parts (1p3n1w) 1861 | -8/Materials | Destroyed by G-47 Trooper with Particle Gun Last Messages --------------- Dropped VSS Leg. U-05 Engineer lays Concrete. U-05 Engineer builds a Wall. U-05 Engineer lays Concrete. Acquired VSS Leg. U-05 Engineer lays Concrete. Acquired 30 matter. U-05 Engineer lays Concrete. U-05 Engineer builds a Wall. U-05 Engineer lays Concrete. Acquired Imp. Ion Engine. U-05 Engineer lays Concrete. U-05 Engineer builds a Wall. Critical hit (Burn: +37). U-05 Engineer lays Concrete. K-01 Serf collects debris. U-05 Engineer lays Concrete. U-05 Engineer builds a Wall. W-25 Informer sends out distress signal. Lgt. Treads destroyed. Map ----- +----------------------------------------------------+ | ???????????????# # #??????????????????????? | | ? #######+### ##############????????????????? | | ? ## """ """ #????????????????? | | ? ^ ## """"""""" #?????????????#??? | | ? ^ ! = ## """"" #???????????? #??? | | ? """ ### ! ## #??#+#?######+##?? | | ????^?""" ??#! ## * #??# #?# #?? | | ?????^""" ???# #= = ##?# #?# #?? | | ??^??? ???## ##! ! ### ###] """ #?? | | ?????? ????# #####/######## # """ #?? | | ????*!! ^ ????# =[%[ uo "" # """ #?? | | ????*! ??????# [ T + #?? | | ?????! ???????# % # #?? | | ??????????????# #### ####### # !!"" #?? | | ??????????????### !#g ############# " #?? | | ????????????????## # # Y # !!! ## # "" #?? | | ?????????????????#### # wg/ !! ### # #?? | | ?????????????????????### g# !! ## ##### ###?? | | ???????????????????????# r########### # ## ##??? | | ??????????????????????## ##????????#########???? | | ??????????? #######! #############????????? | | ??????????? ???????? | | ??????????? ???????? | | ??????????? ???????? | | ??????????? ####### #############????????? | | ????????????? ????????###@###????????????????????? | | ??????????????????????? ?????????????????????? | | ?????????????????????# """"" ???????????????????? | | ?????????????????????# """"" #??????????????????? | | ?????????????????????# """"" #??????????????????? | | ?????????????????????#= """"" #??????????????????? | | ?????????????????????# """"" #??????????????????? | | ?????????????????????#/ ?????????????????????????? | | ?????????????????????# ?????????????????????????? | | ?????????????????????# ??????????????????????????? | | ?????????????????????????????????????????????????? | | ?????????????????????????????????????????????????? | | ?????????????????????????????????????????????????? | | ?????????????????????????????????????????????????? | | ?????????????????????????????????????????????????? | | ?????????????????????????????????????????????????? | | ?????????????????????????????????????????????????? | | ?????????????????????????????????????????????????? | | ?????????????????????????????????????????????????? | | ?????????????????????????????????????????????????? | | ?????????????????????????????????????????????????? | | ?????????????????????????????????????????????????? | | ?????????????????????????????????????????????????? | | ?????????????????????????????????????????????????? | | ?????????????????????????????????????????????????? | +----------------------------------------------------+ Best States ------------- Heat Dissipation 53 Energy Generation 18 Energy Capacity 250 Matter Stores 320 Matter Capacity 350 Sight Range 16 Terrain Scan Density 10 ECM Strength 1 Armor Coverage 225 Weapon Shielding 66 Evasion (%) 55 Recoil Reduction 4 Item Schematics ----------------- None Robot Schematics ------------------ None Fabricated ------------ Nothing Alien Tech Used ----------------- None Achievements -------------- None Challenges ------------ None Game ------ Seed GammaUltimateMagmablaster Manual? 0 Play Time 00:48:58 Cumulative 20.6 hours Start 2024.04.05 @ 22:08:30 End 2024.04.05 @ 22:59:18 Sessions 1 Manual Loads 0 Difficulty Rogue Special Mode None Game No. 16 Rogue 16 Adventurer 0 Explorer 0 Win Type - Total 0 Types 0/0/0/0/0/0/0/0/0 Lore% 16 Gallery% 18 Achievement% 16 Wizard Run 0 Options --------- Layout 1 ASCII 0 Keyboard 0 Movement Mouse Keybinds 0 Fullscreen 1 Font 24/Smallcaps Map View 50x35 Zoom Use 0% Tactical HUD 0 Map Filters NONE Filters NONE Steam 1 RUN: ccdcb2d9-94c9-4c4e-b3c8-3f879d88c935